 Dungeon Crawl Stone Soup version 0.24-a0-539-g6aae15e (webtiles) character file.

Game seed: 7353478382088847637

1894 silenth the Purveyor of Pain (level 8, -1/61 HPs)
             Began as a Mummy Necromancer on Aug 18, 2019.
             Was an Initiate of Kikubaaqudgha.
             Slain by an orc warrior
             ... wielding a +2 war axe of venom
              (24 damage)
             ... on level 6 of the Dungeon.
             The game lasted 00:13:15 (7217 turns).

silenth the Purveyor of Pain (Mummy Necromancer)    Turns: 7217, Time: 00:13:15

Health: -1/61      AC:  5    Str: 11    XL:     8   Next: 93%
Magic:  13/27      EV: 13    Int: 16    God:    Kikubaaqudgha [......]
Gold:   402        SH:  0    Dex: 18    Spells: 12/21 levels left

rFire    x . .     SeeInvis .   q - +4 lajatang
rCold    + . .     Gourm    .   (shield currently unavailable)
rNeg     + + +     Faith    .   y - +1 leather armour {rN+}
rPois    ∞         Spirit   .   k - +0 helmet
rElec    .         Reflect  .   (no cloak)
rCorr    .         Harm     .   (no gloves)
MR       +....                  (no boots)
Stlth    ++........             (no amulet)
HPRegen  0.20/turn              u - ring of magical power
MPRegen  0.20/turn              t - +5 ring of dexterity

@: no status effects
A: no food or potions, fire vulnerability, cold resistance 1, negative energy
resistance 3, torment resistance, unbreathing
a: Renounce Religion


You were on level 6 of the Dungeon.
You worshipped Kikubaaqudgha.
Kikubaaqudgha was noncommittal.
You were not hungry.

You visited 2 branches of the dungeon, and saw 7 of its levels.

You collected 402 gold pieces.

Inventory:

Hand Weapons
 b - a +0 trident
 c - a +0 dagger
 n - a +0 quarterstaff
 q - a +4 lajatang (weapon)
 s - the +4 trident of Crusades {drain, -Tele rPois Int+9 Dex-2}
   (You found it on level 5 of the Dungeon)

   A truly terrible weapon, it drains the life of those it strikes.
   It affects your intelligence (+9).
   It affects your dexterity (-2).
   It protects you from poison.
   It prevents most forms of teleportation.
Missiles
 l - a throwing net (quivered)
Armour
 a - a +0 robe
 k - a +0 helmet (worn)
 y - a +1 leather armour of positive energy (worn)
Magical Staves
 p - an uncursed staff of wizardry
Jewellery
 h - an uncursed ring of protection from magic
 j - a +2 ring of strength
 t - a +5 ring of dexterity (right hand)
 u - a ring of magical power (left hand)
Wands
 w - a wand of iceblast (5)
Scrolls
 e - a scroll of blinking
 f - 4 scrolls of teleportation
 g - a scroll of fog
 i - 2 scrolls of identify
 m - a scroll of fear
 o - a scroll of immolation
 r - 3 scrolls of remove curse
 v - a scroll of holy word {unknown}
 x - a scroll of enchant armour {unknown}


   Skills:
 + Level 4.6 Fighting
 + Level 3.8 Staves
 - Level 3.0 Dodging
 - Level 1.5 Stealth
 - Level 7.0 Spellcasting
 - Level 8.0 Necromancy


You had 12 spell levels left.
You knew the following spells:

 Your Spells              Type           Power        Failure   Level  Hunger
a - Pain                  Necr           ####         1%          1    N/A
b - Animate Skeleton      Necr           N/A          1%          1    N/A
c - Vampiric Draining     Necr           ####......   1%          3    N/A
d - Animate Dead          Necr           N/A          6%          4    N/A

Your spell library contained the following spells:

 Spells                   Type           Power        Failure   Level  Hunger
 Regeneration             Chrm/Necr      Unusable     N/A         3    N/A

Dungeon Overview and Level Annotations

Branches:
Dungeon (6/15)             Temple (1/1) D:6

Altars:
Ashenzari
Dithmenos
Elyvilon
Fedhas
Kikubaaqudgha
Makhleb
Nemelex Xobeh
Ru
Sif Muna
Trog
Uskayaw
Vehumet
Wu Jian
Xom
Yredelemnul
Zin

Shops:
D:6 (

Annotations:
D:3 3 runed translucent doors, voltaire321's ghost, amateur MfGl
D:6 exclusion: statue


Innate Abilities, Weirdness & Mutations

You do not eat or drink.
Your flesh is vulnerable to fire.
You are immune to poison.
Your flesh is cold resistant. (rC+)
You are immune to negative energy. (rN+++)
You are immune to unholy pain and torment.
You can survive without breathing.


Message History

Aim: an orc warrior, wielding a +2 war axe of venom and wearing a +0 plate armour The orc warrior is moderately wounded.
You feel life coursing into your body. The orc warrior barely misses you.
Casting: Vampiric Draining (safe; 1% risk of failure)
Confirm with . or Enter, or press ? or * to list all spells.
Aiming: Vampiric Draining (safe; 1% risk of failure)
Press: ? - help, Shift-Dir - straight line, f/p - orc warrior
Aim: an orc warrior, wielding a +2 war axe of venom and wearing a +0 plate armour (moderately wounded)
The orc warrior is severely wounded.
You feel life coursing into your body. The orc warrior closely misses you.
Casting: Vampiric Draining (safe; 1% risk of failure)
Confirm with . or Enter, or press ? or * to list all spells.
Aiming: Vampiric Draining (safe; 1% risk of failure)
Press: ? - help, Shift-Dir - straight line, f/p - orc warrior
Aim: an orc warrior, wielding a +2 war axe of venom and wearing a +0 plate armour (severely wounded)
The orc warrior is almost dead.
You feel life coursing into your body.
The orc warrior hits you with a +2 war axe of venom!!
You die...
Kikubaaqudgha rasps: "You have failed me!
Welcome... oblivion!"

..#..%.................#.......#.
...)..............#............#.
.....)............#.▒▒...▒▒......
#...................▒▒...▒▒..#...
####...#....................##.##
##.Z...#.#.............>.....#.[.
#....###.#..#................##).
#...........#.......▒▒...▒▒......
##...##... #..o@...▒▒...▒▒....░░
##..# .# #...).#.............░.
#### ..##..############....░. .
#.. ##...░. ... #.#.░░ .... ###..
..#. ##. .##.


You could see an orc warrior.

Vanquished Creatures
  Eustachio (D:6)
  2 ice beasts (D:5)
  2 ogres
  A centaur (D:6)
  A bullfrog (D:6)
  A wyvern zombie (D:6)
  A scorpion (D:6)
  3 wights (D:6)
  2 howler monkeys (D:4)
  3 crimson imps
  A bullfrog skeleton (D:4)
  A hound (D:3)
  2 orc priests
  2 orc wizards (D:6)
  A centaur skeleton (D:5)
  4 iguanas
  Terence (D:1)
  6 worker ants
  A hound zombie (D:6)
  A worker ant zombie (D:6)
  Robin (D:2)
  4 gnolls (D:5)
  11 adders
  An ooze (D:2)
  An adder skeleton (D:6)
  2 worms
  A dart slug (D:1)
  3 leopard geckos
  16 orcs
  A ball python (D:1)
  5 giant cockroaches
  11 goblins
  14 hobgoblins
  4 jackals
  7 quokkas
  3 bats
  3 frilled lizards
  7 kobolds
  A leopard gecko skeleton (D:4)
  5 rats
  A spectral orc (D:5)
139 creatures vanquished.

Vanquished Creatures (collateral kills)
  An ice beast (D:5)
  An orc wizard (D:4)
  2 orcs
  A frilled lizard (D:5)
5 creatures vanquished.

Vanquished Creatures (others)
  A quokka (D:5)
  3 fungi (D:3)
  A plant (D:3)
5 creatures vanquished.

Grand Total: 149 creatures vanquished

Notes
Turn   | Place    | Note
-------+----------+-------------------------------------------
     0 | D:1      | silenth the Mummy Necromancer began the quest for the Orb.
     0 | D:1      | Reached XP level 1. HP: 13/13 MP: 4/4
    33 | D:1      | Learned a level 1 spell: Animate Skeleton
   228 | D:1      | Reached skill level 3 in Spellcasting
   519 | D:1      | Reached XP level 2. HP: 19/19 MP: 1/6
  1138 | D:2      | Reached XP level 3. HP: 24/24 MP: 4/8
  1143 | D:2      | Learned a level 3 spell: Vampiric Draining
  1432 | D:2      | Noticed Robin
  1537 | D:2      | Noticed Terence
  1611 | D:1      | Killed Terence
  1611 | D:1      | Reached skill level 4 in Spellcasting
  1611 | D:1      | Reached XP level 4. HP: 27/30 MP: 2/10
  1914 | D:2      | Found an ornate altar of the Wu Jian Council.
  2453 | D:2      | Killed Robin
  2453 | D:2      | Reached skill level 5 in Necromancy
  2663 | D:3      | Found a faded altar of an unknown god.
  2687 | D:3      | Reached XP level 5. HP: 31/35 MP: 8/12
  2730 | D:3      | Learned a level 4 spell: Animate Dead
  2802 | D:3      | Reached skill level 5 in Spellcasting
  2946 | D:3      | Found a runed translucent gate.
  2946 | D:3      | Found a runed translucent gate.
  2946 | D:3      | Found a runed translucent gate.
  2948 | D:3      | Noticed voltaire321's ghost (amateur MfGl)
  3739 | D:4      | Reached XP level 6. HP: 35/41 MP: 12/14
  3748 | D:4      | Reached skill level 6 in Necromancy
  3772 | D:3      | Reached skill level 6 in Spellcasting
  4294 | D:4      | Reached XP level 7. HP: 46/46 MP: 13/17
  4424 | D:4      | Reached skill level 7 in Spellcasting
  4461 | D:4      | Found a sparkling altar of Nemelex Xobeh.
  4596 | D:5      | Entered Level 5 of the Dungeon
  4605 | D:5      | Got a warped trident
  4611 | D:5      | Identified the +4 trident of Crusades {drain, -Tele rPois
                  | Int+9 Dex-2} (You found it on level 5 of the Dungeon)
  4660 | D:5      | Reached skill level 1 in Fighting
  4663 | D:5      | Reached skill level 1 in Staves
  4667 | D:5      | Reached skill level 7 in Necromancy
  4857 | D:5      | Found a blossoming altar of Fedhas.
  4874 | D:5      | Reached skill level 2 in Fighting
  5268 | D:5      | Reached skill level 2 in Staves
  5280 | D:5      | Reached XP level 8. HP: 33/57 MP: 16/18
  5434 | D:5      | Found a white marble altar of Elyvilon.
  5461 | D:5      | Found a basalt altar of Yredelemnul.
  5519 | D:5      | Found a sacrificial altar of Ru.
  6015 | D:6      | Reached skill level 3 in Fighting
  6022 | D:6      | Reached skill level 2 in Dodging
  6258 | D:6      | Found a radiant altar of Vehumet.
  6596 | D:6      | Reached skill level 3 in Staves
  6738 | D:6      | Found Atomikaff's Weapon Emporium.
  6883 | D:6      | Noticed Eustachio
  6891 | D:6      | Killed Eustachio
  6891 | D:6      | Reached skill level 4 in Fighting
  6891 | D:6      | Reached skill level 3 in Dodging
  6891 | D:6      | Reached skill level 8 in Necromancy
  7073 | D:6      | Found a staircase to the Ecumenical Temple.
  7100 | Temple   | Entered the Ecumenical Temple
  7151 | Temple   | Became a worshipper of Kikubaaqudgha
  7217 | D:6      | Slain by an orc warrior

Levels and vault maps discovered:
D:1:      scummos_arrival_star, layout_basic
D:2:      layout_basic, lemuel_round_altar, first_ration,
          kennysheep_big_empty_room, uniq_terence, uniq_robin
D:3:      layout_loops_corners, chequers_ecumenical_altar_simple_redux,
          gammafunk_ghost_nasty_kobolds, kennysheep_generic_room_15
D:4:      layout_cave_pools, kennysheep_little_box
D:5:      layout_loops_ring, yredelemnul_forgotten_temple_becter,
          nicolae_ru_path_of_blood, elyvilon_altar_4,
          chequers_serial_rivers_small_b, fedhas_altar_1
D:6:      layout_cave_pools, vehumet_statue, nicolae_overflow_hidden_temple,
          minmay_temple_entry_stoned_glass, serial_shops, shop_fountains,
          minivault_4, uniq_eustachio
Temple:   cyrus_temple_forest

Skill      XL: |  1  2  3  4  5  6  7  8 |
---------------+-------------------------+-----
Spellcasting   | 3 4 5 6 7 |  7.0
Necromancy     | 5 6 7 8 |  8.0
Fighting       | 2 4 |  4.6
Staves         | 2 3 |  3.8
Dodging        | 3 |  3.0
Stealth        | |  1.5

Action                   |  1- 3 |  4- 6 |  7- 9 || total
-------------------------+-------+-------+-------++-------
Melee: Dagger            |    13 |       |       ||    13
       Trident           |     3 |    15 |       ||    18
       Lajatang          |       |    24 |   137 ||   161
 Cast: Pain              |    65 |    92 |    67 ||   224
       Animate Skeleton  |     6 |     5 |     3 ||    14
       Vampiric Draining |     2 |     8 |    14 ||    24
  Use: Scroll            |       |     5 |     5 ||    10
 Stab: Distracted        |       |       |     1 ||     1
       Sleeping          |       |       |     1 ||     1
Armor: Leather armour    |     5 |    23 |    31 ||    59
Dodge: Dodged            |    22 |    52 |   123 ||   197

Table legend:
 A = Non-vault XP
 B = Vault XP
 C = Vault XP percentage of total XP
 D = Non-vault monster count
 E = Vault monster count
 F = Vault count percentage of total count
                 A         B        C        D         E       F
            +---------+---------+-------+---------+---------+-------
      Total |    2426 |     281 |  10.4 |     128 |      16 |  11.1
            +---------+---------+-------+---------+---------+-------
        D:1 |      35 |      36 |  50.7 |      21 |       1 |   4.5
        D:2 |      23 |      35 |  60.3 |       8 |      12 |  60.0
        D:3 |     243 |       1 |   0.4 |      22 |       1 |   4.3
        D:4 |     463 |       0 |   0.0 |      21 |       0 |   0.0
        D:5 |     610 |       1 |   0.2 |      21 |       1 |   4.5
        D:6 |    1052 |     208 |  16.5 |      35 |       1 |   2.8
            +---------+---------+-------+---------+---------+-------
